 Dungeon Crawl Stone Soup version 0.27-a0-1391-g48c30b3128 (console) character file.

Game seed: 12071028386653391441

318 FullyGoyle the Chopper (level 6, -6/37 HPs)
             Began as a Gargoyle Fighter on July 1, 2021.
             Was an Initiate of Nemelex Xobeh.
             Mangled by an ogre (22 damage)
             ... on level 5 of the Dungeon.
             The game lasted 00:15:52 (4034 turns).

FullyGoyle the Chopper (Gargoyle Fighter)           Turns: 4034, Time: 00:15:54

Health: -6/37      AC: 13    Str: 22    XL:     6   Next: 45%
Magic:  6/6        EV:  7    Int:  8    God:    Nemelex Xobeh [......]
Gold:   175        SH:  9    Dex:  9    Spells: 5/5 levels left

rFire    + . .     SeeInvis +   a - +1 war axe
rCold    . . .     Faith    .   c - +0 kite shield
rNeg     + . .     Spirit   .   b - +0 scale mail
rPois    ∞         Reflect  .   h - +1 helmet
rElec    +         Harm     .   (no cloak)
rCorr    .         Rampage  .   (no gloves)
Will     .....                  (no boots)
Stlth    ..........             n - amulet of magic regeneration
HPRegen  0.12/turn              S - ring of see invisible
MPRegen  0.35/turn              F - ring of protection from fire

@: mighty
A: sickness immunity, AC +4, negative energy resistance 1, electricity
resistance, torment resistance 1, petrification resistance
a: Renounce Religion, Draw Escape, Draw Destruction, Draw Summoning


You were on level 5 of the Dungeon.
You worshipped Nemelex Xobeh.
Nemelex Xobeh was noncommittal.
You visited 1 branch of the dungeon, and saw 5 of its levels.

You collected 175 gold pieces.

Inventory:

Hand Weapons
 a - a +1 war axe (weapon)
 e - a +2 whip of electrocution
Missiles
 f - 66 stones (quivered)
 p - 4 boomerangs
Armour
 b - a +0 scale mail (worn)
 c - a +0 kite shield (worn)
 h - a +1 helmet (worn)
 t - a +0 robe of the Archmagi
Jewellery
 n - an amulet of magic regeneration (around neck)
 v - a ring of positive energy
 F - a ring of protection from fire (right hand)
 S - a ring of see invisible (left hand)
Scrolls
 i - 5 scrolls of identify
 j - a scroll of acquirement
 k - a scroll of amnesia
 m - a scroll of immolation {unknown}
 o - a scroll of fear
 q - a scroll of vulnerability {unknown}
 r - a scroll of magic mapping {unknown}
Potions
 g - 2 potions of resistance
 l - a potion of cancellation {unknown}
 u - a potion of mutation {unknown}
 w - a potion of flight {unknown}


   Skills:
 + Level 3.5 Fighting
 * Level 5.7 Axes
 + Level 3.3 Armour
 + Level 0.1 Dodging
 + Level 3.4 Shields
 * Level 0.7 Invocations


You had 5 spell levels left.
You didn't know any spells.
Your spell library contained the following spells:

 Spells                   Type           Power      Damage    Failure   Level
 Magic Dart               Conj           0%         1d3       99%         1
 Blink                    Tloc           N/A        N/A       100%        2
 Call Imp                 Summ           0%         N/A       100%        2
 Slow                     Hex            0%         N/A       100%        2
 Conjure Flame            Conj/Fire      0%         6-21      100%        3
 Mephitic Cloud           Conj/Pois/Air  0%         N/A       100%        3


Dungeon Overview and Level Annotations

Branches:
Dungeon (5/15)
 Temple: D:4-7

Altars:
Nemelex Xobeh

Annotations:
D:2 Sigmund
D:4 3 runed translucent doors, GordonOverkill's ghost, amateur HuIE


Innate Abilities, Weirdness & Mutations

You are immune to sickness and miasma.
Your stone body is resilient. (AC +4)
You are immune to poison.
You resist negative energy. (rN+)
You are resistant to electric shocks. (rElec)
You are resistant to unholy torment.
You are immune to petrification.


Message History

A scorpion comes into view.
Found 28 stones.
The orc shouts!
An orc priest comes into view. It is wielding a +0 hand axe.
An orc priest comes into view. It is wielding a +0 flail.
The orc wizard points at you and mumbles some strange words.
The magic dart hits you but does no damage.
The orc wizard gestures at you while chanting.
You are confused.
A hound zombie comes into view.
The orc wizard mumbles some strange words.
The orc wizard flickers and vanishes for a moment.
The ogre barely misses you.
You are too confused!
Unknown command.
You feel better. The ogre barely misses you.
Okay, then.
You feel very mighty all of a sudden.
The orc priest invokes the aid of Beogh against you.
Beogh smites you!
You slash the orc priest!
The orc priest is heavily wounded.
You slash the ogre! You slash the orc priest! You closely miss the orc.
You block the orc priest's attack. You block the ogre's attack.
The orc priest hits you but does no damage.
The orc hits you with a +0 hand axe.
The orc wizard hits you but does no damage.
The orc priest hits you but does no damage.
You block the orc priest's attack.
You are too injured to fight recklessly!
Unknown command.
You closely miss the orc priest.
The orc priest is heavily wounded.
You slash the ogre! You closely miss the orc priest.
You closely miss the scorpion. You hit the orc.
You closely miss the orc wizard.
The ogre hits you with a +0 giant spiked club!!
Ouch! That really hurt!
You die...
Your body disappears without a glow.

......## .......##
........## .......[.#
.........# ### . .........#
###.# #.. .........#
###...## #.... .........#
#...oo.##[..... <........#
##...@o.........
........####...soO.........
.................Z........(
#.......##.................
##.....###.................
##...## #.................
#...## #.................
##..## ##................
#..## ###..........


You could see an ogre, a scorpion, 2 orc priests, an orc wizard (invisible), an
orc and a hound zombie.

Vanquished Creatures
  A gnoll shaman (D:4)
  Natasha (twice) (D:2 D:1)
  2 orc wizards
  6 adders
  3 gnolls
  A worm (D:4)
  2 dart slugs
  7 orcs
  4 ball pythons
  A bat (D:3)
  10 endoplasms
  4 giant cockroaches
  4 goblins
  7 hobgoblins
  21 jackals
  A frilled lizard (D:3)
  10 kobolds
  6 rats
92 creatures vanquished.

Notes
Turn   | Place    | Note
-------+----------+-------------------------------------------
     0 | D:1      | FullyGoyle the Gargoyle Fighter began the quest for the
                  | Orb.
     0 | D:1      | Reached XP level 1. HP: 14/14 MP: 1/1
     3 | D:1      | Noticed an electric eel
     4 | D:1      | Noticed an electric eel
    26 | D:1      | Reached skill level 2 in Axes
   163 | D:1      | Reached XP level 2. HP: 19/19 MP: 2/2
   379 | D:1      | Reached skill level 3 in Axes
   656 | D:1      | Found a faded altar of an unknown god.
   698 | D:1      | Reached XP level 3. HP: 23/23 MP: 3/3
  1012 | D:2      | Noticed Natasha
  1104 | D:2      | Noticed Sigmund
  1294 | D:2      | Killed Natasha
  1295 | D:2      | Reached skill level 4 in Axes
  1295 | D:2      | Reached XP level 4. HP: 10/28 MP: 4/4
  1729 | D:3      | Identified a scroll of acquirement
  1778 | D:2      | Noticed Natasha
  1788 | D:1      | Killed Natasha
  2014 | D:2      | You fall into a shaft and drop 2 floors!
  2021 | D:4      | Reached XP level 5. HP: 32/32 MP: 5/5
  2069 | D:4      | Found a sparkling altar of Nemelex Xobeh.
  2082 | D:4      | Became a worshipper of Nemelex Xobeh the Trickster
  2625 | D:3      | Reached skill level 5 in Axes
  3067 | D:4      | Reached XP level 6. HP: 35/37 MP: 6/6
  3374 | D:4      | Found a runed translucent gate.
  3374 | D:4      | Found a runed translucent gate.
  3374 | D:4      | Found a runed translucent gate.
  3375 | D:4      | Noticed GordonOverkill's ghost (amateur HuIE)
  3869 | D:5      | Entered Level 5 of the Dungeon
  4034 | D:5      | Mangled by an ogre

Illustrated notes

Levels and vault maps discovered:
D:1:      arrival_aquarium_b, layout_loops_cross,
          hellmonk_ecumenical_altar_zigzags, serial_park_tiny_2,
          minmay_nonomino_d4
D:2:      layout_rooms, uniq_sigmund, uniq_natasha
D:3:      layout_basic
D:4:      layout_loops_ring, nemelex_xobeh_ov_fountains_minmay,
          gammafunk_ghost_necromancy
D:5:      layout_cave_pods, chequers_temple_overflow_minitemple

Skill      XL: |  1  2  3  4  5 |
---------------+----------------+-----
Axes           | 2 3 4 5 |  5.7
Fighting       | |  3.5
Armour         | |  3.3
Dodging        | |  0.1
Shields        | |  3.4
Invocations    | |  0.7

Action                   |  1- 3 |  4- 6 || total
-------------------------+-------+-------++-------
Melee: War axe           |   102 |   193 ||   295
  Use: Scroll            |     8 |     1 ||     9
       Potion            |     1 |     2 ||     3
Armor: Scale mail        |    67 |   123 ||   190
Dodge: Dodged            |    36 |    43 ||    79
Block: Kite shield       |    66 |   122 ||   188

Table legend: (Time is in decaauts)
 A = Elapsed time spent in this place.
 B = Non-inter-level travel time spent in this place.
 C = Inter-level travel time spent in this place.
 D = Time resting spent in this place.
 E = Time spent auto-exploring this place.
 F = Levels seen in this place.
 G = Mean time per level.
                   A        B        C        D        E       F      G
               +--------+--------+--------+--------+--------+-----+--------+
         Total |   4198 |   3700 |    498 |    408 |   2044 |   5 |  839.6 |
       Dungeon |   4198 |   3700 |    498 |    408 |   2044 |   5 |  839.6 |
               +--------+--------+--------+--------+--------+-----+--------+

Top non-repeatable levels by time:
     D:1: 1495 daAuts
     D:4: 1165 daAuts
     D:3: 915 daAuts
     D:2: 506 daAuts
     D:5: 116 daAuts
